Cogmind - Beta 15 @@@ ROGUE MODE // 2025.05.26 @ 16:20:39 Player: Minty Result: Escaped! Performance ------------- Evolutions (9) 4500 Regions Visited (24) 4800 Robots Destroyed (272) 1360 Value Destroyed (12685) 12685 Prototype IDs (44) 880 Alien Tech Used (0) 0 Bonus (9814) 9814 TOTAL SCORE: 34039 Bonus ------- High Alert Combat Kills 4055 Follower Combat Kills 2030 Network Hubs Disabled 400 Met Data Miner 300 A7 Reached Mainframe 300 Win 3000 Friendly Fire -271 Cogmind --------- Core Integrity 1360/1600 Matter 70/300 Energy 66/100 System Corruption 0% Temperature Cool (8) Movement Hovering (57) Location To Epsilon Eridani Parts ------- > --- POWER (3) -------- (None) > --- PROPULSION (6) --- Combat Linear Gravjet Combat Linear Gravjet > --- UTILITY (11) ----- Advanced Heat Sink Advanced Heat Sink Enhanced Optical Array Advanced Target Analyzer Advanced Target Analyzer Armor Integrity Analyzer Hacking Suite Improved Hacking Suite > --- WEAPON (5) ------- Advanced Micro-nuke Launcher > --- INVENTORY (5) ---- Particle Reactor Light Quantum Reactor Peak State ------------ > --- POWER ------------ Cooled Fission Core Quantum Reactor > --- PROPULSION ------- Advanced Medium Treads Centrium Heavy Treads Centrium Heavy Treads > --- UTILITY ---------- Large Storage Unit Enhanced Optical Array Improved Kinecellerator Layered Heavy Armor Plating Centrium Medium Armor Plating Centrium Medium Armor Plating Centrium Medium Armor Plating Medium Insulated Plating > --- WEAPON ----------- Enhanced Hardcell Cannon Enhanced Hardcell Cannon Enhanced Hardcell Cannon Enhanced Hardcell Cannon Enhanced Hardcell Cannon > --- INVENTORY -------- Medium Matter Pod Advanced Target Analyzer Improved Weapon Cycler Long-range Tractor Beam Heavy Disruptor Cannon Heavy Disruptor Cannon Railgun Advanced KE Penetrator Helical Railgun Advanced Micro-nuke Launcher Advanced Micro-nuke Launcher Advanced Micro-nuke Launcher [Rating: 168] Favorites ----------- Power Constructs Engine Constructs Power Core Cooled Fission Core Reactor Quantum Reactor Propulsion Constructs Treads Constructs Leg Flexi-carbon Leg Wheel Wheel Hover Unit Combat Linear Gravjet Flight Unit Cooled VTOL Module Utility Enhanced Optical Array Device Armored Scrap Engine Storage Large Storage Unit Processor Enhanced Optical Array Hackware Hacking Suite Protection Centrium Medium Armor Plating Weapon KE Penetrator Energy Gun Wave Gun Energy Cannon Constructs Ballistic Gun KE Penetrator Ballistic Cannon Constructs Launcher Mini Grenade Launcher Impact Weapon Power Maul Slashing Weapon Phasing Sabre Piercing Weapon Spear Build | -11 -10 -9 -9 -9 -7 -7 -7 -7 -6 -6 -5 -5 -5 -5 -4 -4 -4 -4 -4 -4 -3 -3 -2 -1 ------- Run | Yrd Mat Mat Sto Rec Fac Low Low Dat Pro Fac Fac Upp Upp War Pro Fac Ext Cet Arc Hub Res Arm Res Acc Slots Evolved 18 | . . 2 . . 4 . . . . 2 2 . . . . 2 . . . . 2 . 2 2 Power 2 | . . . . . . . . . . . . . . . . 1 . . . . . . 1 . Propulsion 4 | . . 1 . . . . . . . 1 . . . . . 1 . . . . . . 1 . Utility 9 | . . . . . 3 . . . . 1 2 . . . . . . . . . 1 . . 2 Weapon 3 | . . 1 . . 1 . . . . . . . . . . . . . . . 1 . . . Parts Attached 272 | . 8 26 12 3 4 4 1 . 9 4 3 3 6 . 3 18 53 8 7 6 6 28 57 3 Power 33 | . 1 3 1 . . . . . 1 . . . . . 1 2 9 1 . 1 . 2 10 1 Engine 8 | . 1 3 1 . . . . . 1 . . . . . 1 1 . . . . . . . . Core 8 | . . . . . . . . . . . . . . . . 1 6 . . 1 . . . . Reactor 17 | . . . . . . . . . . . . . . . . . 3 1 . . . 2 10 1 Propulsion 67 | . . 11 3 1 . . 1 . 2 3 . . 1 . . 8 14 2 2 1 . 8 10 . Treads 22 | . . 4 3 1 . . . . 1 . . . . . . 1 3 2 2 1 . 3 1 . Leg 21 | . . 2 . . . . 1 . 1 1 . . . . . . 11 . . . . 3 2 . Wheel 7 | . . 2 . . . . . . . . . . . . . 5 . . . . . . . . Hover 12 | . . . . . . . . . . . . . 1 . . 2 . . . . . 2 7 . Flight 5 | . . 3 . . . . . . . 2 . . . . . . . . . . . . . . Utility 91 | . . 4 2 1 3 4 . . 3 1 3 3 4 . 2 4 12 3 4 4 4 8 20 2 Device 41 | . . 1 . 1 1 . . . 1 . 1 2 4 . . 1 7 . 2 1 . 4 14 1 Storage 6 | . . 1 . . 1 . . . 1 . . . . . . . 1 . . . 1 1 . . Processor 18 | . . 1 . . . 3 . . 1 . 1 1 . . 2 2 1 . . . 1 1 4 . Hackware 7 | . . . 1 . . . . . . 1 . . . . . . . . 1 1 1 . 1 1 Protection 19 | . . 1 1 . 1 1 . . . . 1 . . . . 1 3 3 1 2 1 2 1 . Artifact . | . . . . . . . . . . . . . . . . . . . . . . . . . Weapon 81 | . 7 8 6 1 1 . . . 3 . . . 1 . . 4 18 2 1 . 2 10 17 . Energy Gun 29 | . 4 3 5 . . . . . 2 . . . . . . . 9 1 . . . . 5 . Energy Cannon 7 | . . 1 . . . . . . . . . . . . . 1 . . . . . . 5 . Ballistic Gun 22 | . 2 4 . 1 . . . . 1 . . . . . . . 7 1 1 . 2 2 1 . Ballistic Cannon 12 | . . . . . . . . . . . . . . . . 2 . . . . . 5 5 . Launcher 6 | . 1 . 1 . . . . . . . . . . . . . . . . . . 3 1 . Special Weapon . | . . . . . . . . . . . . . . . . . . . . . . . . . Impact Weapon 1 | . . . . . . . . . . . . . 1 . . . . . . . . . . . Slashing Weapon 3 | . . . . . . . . . . . . . . . . 1 2 . . . . . . . Piercing Weapon 1 | . . . . . 1 . . . . . . . . . . . . . . . . . . . Special Melee Weapon . | . . . . . . . . . . . . . . . . . . . . . . . . . Unidentified Prototypes 24 | . . 5 2 1 . . . . . 2 . . . . . 1 . 4 . 3 1 2 3 . Corrupted Parts 3 | . . . . . . . . . . . . . . . . . 1 1 . . . . 1 . System Corruption 17 | . . . . . . . . . . . . . . . . . 6 1 . . . . 10 . Parts Lost 119 | . 3 11 1 . . 3 . . 6 . 4 1 3 1 9 3 17 . . 1 . 18 27 11 Power 16 | . 1 1 . . . . . . . . 1 . . 1 . . 2 . . . . 2 6 2 Propulsion 30 | . . 5 . . . 2 . . 2 . . . 2 . 2 2 5 . . . . 3 3 4 Utility 35 | . . 1 . . . 1 . . 1 . 2 . 1 . 3 1 5 . . . . 6 11 3 Weapon 38 | . 2 4 1 . . . . . 3 . 1 1 . . 4 . 5 . . 1 . 7 7 2 Highest Loss Streak 14 | . 1 5 1 . . 3 . . 2 . 2 1 2 1 9 2 14 . . 1 . 4 6 7 To Critical Strikes 5 | . 1 . . . . . . . . . . . . . . . . . . . . 2 1 1 Average Backups 7 | . 6 6 9 6 5 4 5 6 7 9 9 10 13 15 8 2 6 5 4 5 9 11 6 3 Power . | . . . . . . . . . . . . . . . . . 1 . . . . . . 1 Propulsion . | . 4 . . . . . . . . . . . 1 1 . . . . . . . . . . Utility 4 | . . 4 5 3 2 3 5 6 7 9 9 9 12 13 7 2 2 1 2 3 6 4 1 . Weapon 2 | . 2 1 4 2 2 . . . . . . . . . . . 3 4 2 2 1 7 3 1 Tool/Special . | . . . . . . . . . . . . . . . . . . . . . . . . . Unused Backups 30 | . 3 1 . 6 . . . . 1 . . . . . 6 1 4 . . . 3 4 . 1 Power 5 | . . . . 1 . . . . . . . . . . . . 2 . . . 1 . . 1 Propulsion 3 | . 2 1 . . . . . . . . . . . . . . . . . . . . . . Utility 20 | . 1 . . 4 . . . . 1 . . . . . 5 1 2 . . . 2 4 . . Weapon 1 | . . . . 1 . . . . . . . . . . . . . . . . . . . . Tool/Special 1 | . . . . . . . . . . . . . . . 1 . . . . . . . . . Average Slot Usage (%) 76 | . 84 83 99 70 53 73 83 84 63 62 73 64 74 71 39 62 88 88 88 88 88 79 67 72 Engine 3 | . 13 8 11 11 6 7 7 7 6 4 . . . . . . . . . . . . . . Core 1 | . . . . . . . . . . . . 5 5 4 . 2 5 2 . 3 4 3 . . Reactor 2 | . . . . . . . . . . 1 4 . . . . 2 3 7 10 6 4 3 9 7 Treads 6 | . . 10 29 19 7 1 . . 3 . . . . . . 4 2 6 14 15 14 10 2 . Leg 6 | . 28 6 3 3 7 7 14 15 4 . . . . . . . 16 7 . . . . 6 . Flight 2 | . . 13 . . . . . . . 8 17 17 17 11 3 . . . . . . . . . Device 9 | . . . . 7 10 8 7 7 7 13 16 17 15 13 11 13 18 17 11 9 8 10 13 12 Storage 5 | . 14 11 11 3 6 7 7 7 6 6 5 5 5 5 2 . 2 . . . 2 5 4 . Processor 8 | . . 7 . . . 10 15 15 14 6 10 12 17 17 13 13 10 5 5 5 4 5 9 16 Protection 5 | . . 1 9 3 3 2 . . . . 2 . . . . 3 6 18 21 23 22 14 2 1 Energy Gun 4 | . 20 4 17 15 1 . . . . 6 5 2 . . . . 8 . . . . . 2 . Energy Cannon 2 | . . . . . 5 7 7 7 3 . . . 7 11 4 5 1 . . . . . 3 . Ballistic Gun 7 | . 6 19 14 6 1 5 1 . 1 6 5 . . . . . 7 21 21 20 22 10 . . Ballistic Cannon 1 | . . . . . . . 5 7 2 . . . . . . 5 . . . . . 9 2 4 Launcher 1 | . . . . . . 4 7 7 2 . . . . . . . . . . . . . . 1 Piercing Weapon 1 | . . . . . . 6 7 7 5 . . . . . . . . . . . . . . . Peak Build Rating 168 | . 9 19 22 37 45 49 55 55 61 73 84 76 93 82 71 93 109 136 138 142 158 168 165 161 Average Rating 77 | . 7 12 19 28 37 46 53 54 48 63 80 70 80 77 47 74 93 125 136 138 154 145 124 123 On Entrance 70 | 6 6 8 16 21 37 45 49 55 55 58 71 75 75 82 71 39 92 109 133 135 135 156 87 145 Naked Turns . | . . . . . . . . . . . . . . . . . . . . . . . . . Heaviest Build 172 | 12 16 24 39 37 36 42 37 37 43 41 43 41 52 52 43 60 76 88 96 97 135 172 121 85 Greatest Support 190 | 20 20 40 60 60 30 30 35 35 46 57 57 59 59 28 28 30 110 160 188 190 190 190 160 82 Greatest Overweight (x) 32 | . . 1 . 3 1 2 2 1 7 . . . 1 1 8 4 5 . . . . 32 2 1 Average Overweight (x) . | . . . . . . 1 1 1 1 . . . . 1 . 1 . . . . . . . . Largest Inventory Capacity 15 | . 8 10 10 10 15 15 15 15 15 15 15 15 15 15 15 5 10 5 5 5 15 15 15 5 Average Capacity 10 | . 8 8 10 6 14 15 15 15 14 15 15 15 15 15 8 5 7 5 5 5 12 15 11 5 Most Carried 15 | . 8 10 10 10 6 7 15 15 15 15 15 12 15 15 15 5 10 5 5 5 15 15 13 4 Average Carried 8 | . 6 6 9 6 5 4 7 14 13 15 13 10 13 15 8 2 6 5 4 4 10 13 6 3 Final Capacity 15 | 8 8 10 10 5 15 15 15 15 15 15 15 15 15 15 5 5 5 5 5 5 15 15 5 5 Final Carried 15 | 6 6 10 10 5 6 6 15 15 15 15 10 12 15 15 5 4 5 5 5 5 14 12 5 2 Scrap Engine Consumption 104 | . . . . 14 5 6 1 . 25 3 3 10 5 . 3 18 11 . . . . . . . Constructs Created 18 | . . . . 2 1 1 . . 4 . 1 1 1 . . 4 3 . . . . . . . Constructs Modified 15 | . . . . 1 2 . 1 . 5 1 . . 2 . . 1 2 . . . . . . . Class Distribution -------------------- 29% | Scavenger-Tank 22% | Construct 18% | Mutant 7% | Scavenger-Gunner 4% | Gunner 3% | Derelict-Mutant Dominant Class ---------------- Mutant | -10/Materials Mutant | -9/Materials Scavenger-Tank | -9/Storage Construct | -9/Recycling Construct | -7/Factory Construct | -7/Lower Caves Construct | -7/Lower Caves Construct | -7/Data Miner Mutant | -6/Proximity Caves Construct | -6/Factory Mutant | -5/Factory Derelict-Mutant | -5/Upper Caves Derelict-Gunner | -5/Upper Caves Derelict-Gunner | -5/Warlord Mutant | -4/Proximity Caves Derelict-Mutant | -4/Factory Scavenger-Tank | -4/Extension Scavenger-Tank | -4/Cetus Scavenger-Tank | -4/Archives Scavenger-Tank | -4/Hub_04(d) Scavenger-Tank | -3/Research Scavenger-Tank | -3/Armory Scavenger-Tank | -2/Research Hacker-Mutant | -1/Access Resources | -11 -10 -9 -9 -9 -7 -7 -7 -7 -6 -6 -5 -5 -5 -5 -4 -4 -4 -4 -4 -4 -3 -3 -2 -1 ----------- Run | Yrd Mat Mat Sto Rec Fac Low Low Dat Pro Fac Fac Upp Upp War Pro Fac Ext Cet Arc Hub Res Arm Res Acc Matter Collected 9820 | 200 281 518 500 50 22 270 50 . 121 73 96 47 120 . 30 250 1379 226 303 710 360 1841 2124 249 Remotely 3851 | . . . . . . . . . . . . . . . . . 308 . . 336 . 1017 1941 249 Salvage Created 12110 | . 608 649 966 267 52 410 107 . 437 73 299 . 107 . . 231 1931 76 256 882 449 1856 2225 229 Parts 548 | . 57 42 54 3 7 12 8 . 11 . 2 . 5 . . 20 67 4 18 50 27 70 82 9 Haulers Intercepted 10 | . 2 1 2 . . . . . . . . . . . . . . . . 1 1 . 3 . Recyclers Shooed 6 | . 1 . 3 . . . . . . . . . . . . 2 . . . . . . . . Parts Field Recycled . | . . . . . . . . . . . . . . . . . . . . . . . . . Retrieved Matter . | . . . . . . . . . . . . . . . . . . . . . . . . . Parts Self-Destructed 62 | . . . . . . 5 8 . 35 . . 3 5 . 6 . . . . . . . . . Prevented . | . . . . . . . . . . . . . . . . . . . . . . . . . Kills | -11 -10 -9 -9 -9 -7 -7 -7 -7 -6 -6 -5 -5 -5 -5 -4 -4 -4 -4 -4 -4 -3 -3 -2 -1 ------- Run | Yrd Mat Mat Sto Rec Fac Low Low Dat Pro Fac Fac Upp Upp War Pro Fac Ext Cet Arc Hub Res Arm Res Acc Combat Hostiles Destroyed 204 | . 20 16 15 . 3 11 2 . 3 1 3 . 2 . . 4 20 1 1 9 3 35 47 8 Melee 4 | . . . . . . . . . . . . . . . . . 2 . . . . 2 . . Guns 94 | . 13 16 12 . . 2 . . . . 1 . . . . . 16 1 1 9 3 17 3 . Cannons 42 | . . . . . 1 4 1 . 2 . . . 2 . . 4 1 . . . . 11 15 1 AOE 56 | . 7 . 2 . 2 5 1 . 1 . . . . . . . . . . . . 5 26 7 Classes Destroyed 20 | . 6 1 3 . . . 1 . . . . . 1 . . 1 1 . . . . 4 1 1 Worker 20 | . 1 . . . 1 . . . . . . . . . . 2 . . . 4 4 . 6 2 Builder 6 | . . . 1 . . . . . . . . . . . . 1 2 . . . . . 2 . Tunneler 2 | . . . . . . . . . . . . . . . . 1 . . . . . . 1 . Hauler 10 | . 2 1 2 . . . . . . . . . . . . . . . . 1 1 . 3 . Recycler 10 | . . . 2 3 . . . . . . 1 . . . . . 4 . . . . . . . Minesweeper 1 | . . . . . . . 1 . . . . . . . . . . . . . . . . . Mechanic 1 | . . . 1 . . . . . . . . . . . . . . . . . . . . . Operator 11 | . 1 1 2 . . . . . . . . . . . . . . . 5 . 2 . . . Watcher 5 | . 1 . 1 . . . . . . . . . . . . . . . . . . 2 1 . Swarmer 45 | . 12 6 2 . 3 6 . . 2 . . . . . . . 4 . . . . . 10 . Cutter 3 | . . . . . . . . . . . . . . . . . . . . . . . . 3 Saboteur 1 | . . . . . . . . . . . . . . . . . . . . . . 1 . . Grunt 73 | . 8 6 8 . . 4 2 . . . 3 . . . . . 10 . . 7 . 9 12 4 Duelist 4 | . . . . . . . . . . . . . . . . . . . . . . 3 1 . Protector 1 | . . . . . . . . . . . . . . . . . . . . . . . 1 . Sentry 30 | . . 4 5 . . 1 . . 1 1 . . . . . 1 5 . 1 1 1 6 3 . Specialist 6 | . . . . . . . . . . . . . . . . . . . . . . 4 2 . Hunter 20 | . . . . . . . . . . . . . . . . . 1 . . 1 . 6 11 1 Programmer 18 | . . . . . . . . . . . . . 2 . . 3 . . . . 2 5 6 . Heavy 2 | . . . . . . . . . . . . . . . . . . . . . . 1 1 . Cetus Guard 1 | . . . . . . . . . . . . . . . . . . 1 . . . . . . Decomposer 3 | . . . . . . 3 . . . . . . . . . . . . . . . . . . Packrat 2 | . . . . . . . . . 2 . . . . . . . . . . . . . . . Thug 1 | . . . . . . . . . . . . . . . . . 1 . . . . . . . Guerrilla 1 | . . . . . . . . . . . . . . . . . . . . 1 . . . . Best Kill Streak 10 | . 5 6 7 2 3 4 2 . 3 1 1 . 2 . . 2 4 1 2 5 3 9 10 7 Combat Bots Only 10 | . 5 6 4 . 3 4 2 . 3 1 1 . 2 . . 2 4 1 1 3 1 8 10 7 Max Kills in Single Turn 5 | . 3 2 4 1 1 2 1 . 1 1 1 . 1 . . 1 2 1 1 5 2 2 5 2 Gunslinging 1 | . . . 1 . . . . . . . . . . . . . 1 . . . . 1 . . Exploded 3 | . 3 . 2 . 1 2 1 . 1 . . . . . . . . . . . . 2 2 2 Melee 1 | . . . . . . . . . . . . . . . . . 1 . . . . 1 . . Uniques/NPCs Destroyed . | . . . . . . . . . . . . . . . . . . . . . . . . . Combat | -11 -10 -9 -9 -9 -7 -7 -7 -7 -6 -6 -5 -5 -5 -5 -4 -4 -4 -4 -4 -4 -3 -3 -2 -1 -------- Run | Yrd Mat Mat Sto Rec Fac Low Low Dat Pro Fac Fac Upp Upp War Pro Fac Ext Cet Arc Hub Res Arm Res Acc Hostile Shots Fired 2036 | . 79 129 55 5 33 110 5 . 119 59 43 26 23 . 98 23 234 3 . 83 12 433 369 95 Missed 649 | . 20 29 19 3 8 29 2 . 49 29 17 14 4 . 36 6 68 1 . 32 4 115 121 43 Hits 1387 | . 59 100 36 2 25 81 3 . 70 30 26 12 19 . 62 17 166 2 . 51 8 318 248 52 Melee 33 | . . . . . . . . . . . . . . . 9 . . . . . . 16 4 4 Projectile 1354 | . 59 100 36 2 25 81 3 . 70 30 26 12 19 . 53 17 166 2 . 51 8 302 244 48 Critical Strikes 40 | . 1 1 2 . . 2 . . 1 1 1 . 2 . 3 . 6 . . 2 . 7 7 4 Actively Blocked 2 | . . . . . . . . . . . 1 . . . . . . . . . . . 1 . Part Disruptions 4 | . . . . . . . . . . . . . . 2 . . . . . 1 . . 1 . Actively Blocked 1 | . . . . . . . . . . . . . . . . . . . . . . . 1 . Damage Taken 27268 | . 596 1210 463 49 415 923 49 . 979 377 462 182 364 163 1410 398 3172 29 30 1217 171 6032 6751 1826 Core 3550 | . 115 260 20 10 103 90 . . 251 60 73 74 21 . 687 . 397 15 . 36 . 294 804 240 Absorbed by Shields 212 | . . . . . . . . . . . . . . . . . 185 27 . . . . . . Reduced by Siege Mode 99 | . . . . . . . . . . . . . . . . . . . . . . 7 92 . Redirected to Shielding 322 | . . 52 . . 14 11 . . . . 134 . . . . . . . . . . . 64 47 Ignored by Resistances 679 | . . . 51 . . . . . . 74 67 12 . . 43 . . . . 39 25 . 368 . Regen/Repaired (Parts) 1910 | . 45 . 75 . . 100 38 . 136 . . . 146 . . . 100 . . . . 656 614 . Core Remaining (%) 59 | 100 54 . . 27 . . . . 36 92 . . . . 14 . . . . 61 . 77 44 85 Volleys Fired 637 | . 48 45 37 12 14 25 15 . 13 10 22 4 16 . 6 26 74 6 15 30 17 76 107 19 Largest 5 | . 2 3 3 2 2 3 2 . 3 2 2 1 2 . 2 3 4 4 4 4 5 5 4 3 Hottest 324 | . 90 135 166 87 94 127 99 . 127 118 118 53 127 . 127 253 324 132 136 136 174 290 291 174 Shots Fired 1576 | . 91 90 107 18 16 41 16 . 16 20 44 4 16 . 12 60 231 24 60 117 81 265 218 29 Gun 1075 | . 86 90 105 18 . 19 . . 2 20 44 4 . . . . 208 24 60 117 81 155 42 . Cannon 418 | . . . 1 . 14 13 15 . 12 . . . 16 . 12 60 23 . . . . 103 136 13 Launcher 83 | . 5 . 1 . 2 9 1 . 2 . . . . . . . . . . . . 7 40 16 Special . | . . . . . . . . . . . . . . . . . . . . . . . . . Kinetic 938 | . 48 49 46 6 . . . . . . . . 16 . 12 30 111 24 60 117 81 258 67 13 Thermal 439 | . . 25 51 12 14 13 15 . 14 20 44 4 . . . 30 120 . . . . . 77 . Explosive 83 | . 5 . 1 . 2 9 1 . 2 . . . . . . . . . . . . 7 40 16 Electromagnetic 116 | . 38 16 9 . . 19 . . . . . . . . . . . . . . . . 34 . Robot Hit Streak 16 | . 7 8 15 14 3 6 3 . 3 3 9 7 3 . 14 16 10 8 8 9 10 10 8 10 Robot Miss Streak 6 | . 4 2 4 1 1 3 . . 2 2 4 2 2 . . 2 5 3 6 5 3 5 6 1 Penetration Max 2 | . . . . . . . . . . . . . . . . . 1 . 1 1 1 2 . . Secondary Targets 21 | . 2 5 2 . . . . . . . . . . . . . 3 1 . 3 . 5 . . Max Gunslinging Chain 1 | . 1 1 1 . . . . . . . . . . . . . 1 1 . 1 . 1 . . Shots Hit Robots 892 | . 51 60 70 15 6 32 3 . 13 12 26 2 6 . 13 25 131 14 31 58 36 148 120 20 Core Hits 538 | . 31 26 36 3 4 25 5 . 8 3 8 1 2 . 2 10 67 6 15 36 18 85 123 24 Critical Kills 15 | . . . . 1 . . . . . . . . . . . . 4 1 1 1 1 6 . . Critical Parts Destroyed 22 | . 1 . . . . . . . . . . . . . . . . . . 4 3 14 . . Critical Strikes 83 | . 2 1 11 1 . . . . 1 3 1 . . . . . 12 1 1 6 4 25 11 3 Burn 21 | . . . 10 . . . . . . 3 1 . . . . . 7 . . . . . . . Meltdown 1 | . . . . 1 . . . . . . . . . . . . . . . . . . . . Destroy 37 | . 1 . . . . . . . . . . . . . . . 4 1 1 6 4 20 . . Blast 18 | . . . . . . . . . . . . . . . . . 1 . . . . 5 9 3 Corrupt 5 | . 1 1 1 . . . . . . . . . . . . . . . . . . . 2 . Impale 1 | . . . . . . . . . 1 . . . . . . . . . . . . . . . Melee Attacks 44 | . . . . . . 6 1 . 12 . . . 1 . 2 17 5 . . . . . . . Impact 3 | . . . . . . . . . . . . . 1 . 2 . . . . . . . . . Slashing 22 | . . . . . . . . . . . . . . . . 17 5 . . . . . . . Piercing 19 | . . . . . . 6 1 . 12 . . . . . . . . . . . . . . . Sneak Attacks 10 | . . . . . . 3 1 . 3 . . . . . . 3 . . . . . . . . Combat Hostiles . | . . . . . . . . . . . . . . . . . . . . . . . . . Follow-up Attacks . | . . . . . . . . . . . . . . . . . . . . . . . . . Damage Inflicted 39249 | . 1053 843 1404 317 277 1256 182 . 598 261 559 44 350 . 446 1175 3956 375 965 2615 1206 7757 10905 2705 Guns 16152 | . 672 838 1104 300 . 252 . . . 261 559 44 . . . . 3261 375 965 2157 1206 3311 847 . Cannons 8954 | . . . . . 145 171 42 . 138 . . . 350 . 402 944 497 . . . . 2770 3023 472 Explosions 12754 | . 366 . 293 . 132 626 88 . 61 . . . . . . . . . . 458 . 1506 6991 2233 Melee 1105 | . . . . . . 207 52 . 399 . . . . . 44 231 172 . . . . . . . Ramming 284 | . 15 5 7 17 . . . . . . . . . . . . 26 . . . . 170 44 . Kinetic 17284 | . 372 492 375 102 . . . . . . . . 350 . 402 690 1785 375 965 2157 1206 6081 1460 472 Thermal 6580 | . 89 177 729 198 214 171 42 . 138 261 559 44 . . . 254 1973 . . . . . 1731 . Explosive 12015 | . 277 . 170 . 63 626 88 . 61 . . . . . . . . . . . . 1506 6991 2233 Electromagnetic 1981 | . 300 169 123 . . 252 . . . . . . . . . . . . . 458 . . 679 . Impact 44 | . . . . . . . . . . . . . . . 44 . . . . . . . . . Slashing 403 | . . . . . . . . . . . . . . . . 231 172 . . . . . . . Piercing 658 | . . . . . . 207 52 . 399 . . . . . . . . . . . . . . . Highest Corruption 16 | . . . . . . . . . . . . . 4 1 1 4 10 11 11 4 2 16 10 . Average Corruption 4 | . . . . . . . . . . . . . 3 1 1 3 4 10 7 2 1 3 4 . Corruption Purged 35 | . . . . . . . . . . . . . 4 . . . . . 11 . . . 20 . Corruption Blocked . | . . . . . . . . . . . . . . . . . . . . . . . . . Effects 125 | . . . . . . . . . . . . . 8 . . 9 36 9 9 5 2 23 24 . Message Errors 33 | . . . . . . . . . . . . . 1 . . 4 6 4 2 1 1 8 6 . Matter Fused 25 | . . . . . . . . . . . . . 3 . . 2 7 2 4 . . 1 6 . Heat Flow Errors 11 | . . . . . . . . . . . . . 2 . . 1 5 1 . 1 . . 1 . Energy Discharges 19 | . . . . . . . . . . . . . . . . 1 6 . 1 . . 7 4 . Parts Rejected 4 | . . . . . . . . . . . . . . . . . 1 . 1 . . . 2 . Parts Fused 1 | . . . . . . . . . . . . . . . . . . 1 . . . . . . Data Loss (minor) 13 | . . . . . . . . . . . . . 1 . . 1 5 1 1 1 . 2 1 . Data Loss (major) 5 | . . . . . . . . . . . . . . . . . 2 . . 1 1 1 . . Misfires 6 | . . . . . . . . . . . . . . . . . 2 . . . . 1 3 . Alerts 3 | . . . . . . . . . . . . . . . . . 1 . . 1 . 1 . . Weapon Failures 5 | . . . . . . . . . . . . . 1 . . . 1 . . . . 2 1 . Overload Shots 1 | . . . . . . . 1 . . . . . . . . . . . . . . . . . Overflow Damage 1123 | . 20 . 33 . . 59 . . 81 . . . 11 . . 107 16 . . . . 132 562 102 Projectiles 399 | . . . . . . . . . . . . . 11 . . 67 16 . . . . 83 222 . Explosions 554 | . 20 . 33 . . 10 . . . . . . . . . . . . . . . 49 340 102 Melee 170 | . . . . . . 49 . . 81 . . . . . . 40 . . . . . . . . Knockbacks 41 | . . . . . . . . . . . . . 1 . 2 3 2 . . . . 15 9 9 Impact 3 | . . . . . . . . . . . . . . . . . . . . . . 2 1 . Kinetic 35 | . . . . . . . . . . . . . 1 . 1 3 2 . . . . 12 8 8 Secondary 3 | . . . . . . . . . . . . . . . 1 . . . . . . 1 . 1 Self-Inflicted Damage 1340 | . 25 2 31 . 60 48 . . 28 . . . . . . . 8 . . 156 . . 499 483 Shots 25 | . 1 . 1 . 2 1 . . 1 . . . . . . . . . . 2 . . 7 10 Rammed 27 | . . 1 3 . . . . . . . . . . . . . 4 . . . . 14 5 . Targets Rammed 37 | . 3 1 3 2 . . . . . . . . . . . . 5 . . . . 16 7 . Kicked 8 | . 3 . . 2 . . . . . . . . . . . . 1 . . . . . 2 . Crushed 2 | . . . . . . . . . . . . . . . . . . . . . . 2 . . Highest Temperature 679 | . 180 679 346 72 24 162 71 . 126 247 175 28 233 329 104 197 425 121 72 157 171 566 426 15 Average Temperature 117 | . 54 165 104 32 10 64 15 . 68 112 68 25 64 148 46 106 149 66 28 33 59 174 154 10 Received Heat Transfer 3545 | . 198 498 180 27 . 147 27 . 84 189 144 27 . . 184 9 693 . . 96 9 583 333 117 Effects 41 | . . 13 . . . . . . . . . . . . . . 8 . . . . 7 13 . Shutdowns 8 | . . 1 . . . . . . . . . . . . . . 1 . . . . . 6 . Energy Bleed 12 | . . 4 . . . . . . . . . . . . . . 4 . . . . 1 3 . Interference 15 | . . 5 . . . . . . . . . . . . . . 2 . . . . 4 4 . Matter Decay 2 | . . 2 . . . . . . . . . . . . . . . . . . . . . . Short Circuit 2 | . . . . . . . . . . . . . . . . . . . . . . 2 . . Damage (minor) 1 | . . . . . . . . . . . . . . . . . 1 . . . . . . . Damage (core) 1 | . . 1 . . . . . . . . . . . . . . . . . . . . . . Siege Activations 3 | . . . . . . . . . . . . . . . . . . . . 1 . 1 1 . Total Turns 43 | . . . . . . . . . . . . . . . . . . . . 3 . 10 30 . Longest Duration 30 | . . . . . . . . . . . . . . . . . . . . 3 . 10 30 . Martial Activations . | . . . . . . . . . . . . . . . . . . . . . . . . . Shielding Activations . | . . . . . . . . . . . . . . . . . . . . . . . . . Robots Disrupted . | . . . . . . . . . . . . . . . . . . . . . . . . . Combat Hostiles . | . . . . . . . . . . . . . . . . . . . . . . . . . Robots Corrupted 3 | . . . . . . . . . . . . . . . . . . . . . . . 3 . Combat Hostiles 3 | . . . . . . . . . . . . . . . . . . . . . . . 3 . Parts Fried 11 | . . . 1 . . 1 . . . . . . . . . . . . . . . . 9 . Impact Corruptions . | . . . . . . . . . . . . . . . . . . . . . . . . . Robots Melted 5 | . . . 1 1 . . . . . 1 1 . . . . . 1 . . . . . . . Combat Hostiles 4 | . . . 1 . . . . . . 1 1 . . . . . 1 . . . . . . . Parts Melted 22 | . . . 7 1 . . . . . 3 3 . 1 . . . 7 . . . . . . . Heat Transferred 11369 | . 200 518 2098 370 350 400 . . 300 900 1400 100 . . . . 3086 . . . . . 1647 . Parts Sabotaged 4 | . . . . . . . . . . . . . . . . . . . . . . 4 . . Parts Stolen . | . . . . . . . . . . . . . . . . . . . . . . . . . Parts Stripped . | . . . . . . . . . . . . . . . . . . . . . . . . . Power Chain Reactions 4 | . 2 . 2 . . . . . . . . . . . . . . . . . . . . . Alert | -11 -10 -9 -9 -9 -7 -7 -7 -7 -6 -6 -5 -5 -5 -5 -4 -4 -4 -4 -4 -4 -3 -3 -2 -1 ------- Run | Yrd Mat Mat Sto Rec Fac Low Low Dat Pro Fac Fac Upp Upp War Pro Fac Ext Cet Arc Hub Res Arm Res Acc Maximum Alert Level 5 | . 1 2 3 1 . . . . . . . . . . . . 3 2 1 4 2 4 5 5 Low Security (%) 37 | . 47 11 16 79 100 . . . . 100 100 . . . . 100 72 . . 20 . . . . Level 1 23 | . 52 48 11 20 . . . . . . . . . . . . 16 . 100 10 . 61 . . Level 2 24 | . . 39 65 . . . . . . . . . . . . . 7 100 . 65 100 7 33 . Level 3 4 | . . . 6 . . . . . . . . . . . . . 4 . . 3 . 17 12 . Level 4 4 | . . . . . . . . . . . . . . . . . . . . . . 13 16 25 Level 5 6 | . . . . . . . . . . . . . . . . . . . . . . . 38 74 High Security . | . . . . . . . . . . . . . . . . . . . . . . . . . Max Security . | . . . . . . . . . . . . . . . . . . . . . . . . . Peak Influence 2520 | . 364 534 716 273 113 . . . . 40 112 . . . . 195 817 633 378 1220 640 1199 2520 2244 Initial 1512 | . . 118 187 273 4 . . . . . 15 . . . . 97 72 452 212 81 640 284 582 1512 Average 459 | . 208 334 440 64 36 . . . . 13 45 . . . . 116 187 571 315 445 561 546 1358 1813 Influence Increases 12996 | . 650 772 829 62 148 255 45 . 65 82 223 315 50 . 195 383 1586 210 312 1535 188 1457 2722 912 Destroy 0b10 Robot/C 4840 | . 400 320 460 20 80 220 40 . 60 20 60 . 40 . . 80 700 80 80 340 60 700 920 160 Destroy 0b10 Robot/NC 400 | . 25 10 50 15 5 . 5 . 5 . 5 . . . . 20 50 5 25 55 35 10 70 10 Destroy Leader 1006 | . 86 82 148 . 10 20 . . . 10 20 . 10 . . 30 86 . . 90 32 174 188 20 Allied During Kill 1088 | . . . 91 1 1 . . . . . . . . . . . 554 85 105 251 . . . . Trap Triggered on 0b10 50 | . . . . . . . . . . . 50 . . . . . . . . . . . . . Successful Hack 366 | . 39 44 16 26 . . . . . 52 13 . . . . . 14 9 . . . . 90 63 Select Force Hacks 30 | . 30 . . . . . . . . . . . . . . . . . . . . . . . Disable Machine 870 | . 30 15 30 . 30 . . . . . . . . . . 15 60 15 60 270 15 195 105 30 Anti-Garrison Action 550 | . . . . . . . . . . . . . . . . 150 . . . . . . 200 200 Destroy Structure 2656 | . 40 1 19 . 22 . . . . . . . . . . 58 92 16 42 514 46 318 1119 369 Partial Spotted 15 | . . . . . . . . . . . . . . . . . . . . . . . 15 . Lose Combat Pursuer 1125 | . . 300 15 . . 15 . . . . 75 315 . . 195 30 30 . . 15 . 60 15 60 Influence Decreases 10772 | . 370 606 575 749 143 273 40 5 65 50 163 175 282 . 40 390 925 487 610 549 866 890 1311 1208 Entered New Map 4304 | . . 162 259 427 9 8 . 5 . . 17 35 45 . . 58 76 357 320 153 580 258 527 1008 Time Decay 4863 | . 340 334 286 202 114 235 40 . 47 50 116 110 214 . 40 302 485 130 230 246 286 452 514 90 Lost Part 986 | . 30 110 10 . . 30 . . 18 . 30 10 23 . . 30 125 . . 10 . 180 270 110 Lost Ally 520 | . . . 20 120 20 . . . . . . 20 . . . . 140 . 60 140 . . . . Purge Threat 99 | . . . . . . . . . . . . . . . . . 99 . . . . . . . Squads Dispatched 70 | . 4 1 9 . 1 . . . 1 2 4 . 1 . 1 4 3 . . 9 1 7 15 7 Investigation 24 | . 3 . 3 . . . . . 1 1 3 . . . . . 3 . . 2 . 2 3 3 Extermination 8 | . . . . . 1 . . . . . . . . . . 1 . . . 1 1 2 2 . Reinforcement 15 | . 1 1 1 . . . . . . . 1 . . . . 1 . . . 3 . 1 5 1 Assault 13 | . . . 2 . . . . . . . . . 1 . 1 2 . . . . . 2 5 . Garrison 10 | . . . 3 . . . . . . 1 . . . . . . . . . 3 . . . 3 Intercept . | . . . . . . . . . . . . . . . . . . . . . . . . . Searches Triggered . | . . . . . . . . . . . . . . . . . . . . . . . . . Data Miner Redirects 15 | . . . . . . . . . . 1 2 . . . . 1 2 . . 1 . . 6 2 Construction Impeded 1 | . . . . . . . . . . . . . . . . . . . . 1 . . . . Haulers Reinforced 1 | . . . . . . . . . . . . . . . . . . . . . . . 1 . Active Scanning Responses . | . . . . . . . . . . . . . . . . . . . . . . . . . Cargo Convoy Interrupts . | . . . . . . . . . . . . . . . . . . . . . . . . . Stealth | -11 -10 -9 -9 -9 -7 -7 -7 -7 -6 -6 -5 -5 -5 -5 -4 -4 -4 -4 -4 -4 -3 -3 -2 -1 --------- Run | Yrd Mat Mat Sto Rec Fac Low Low Dat Pro Fac Fac Upp Upp War Pro Fac Ext Cet Arc Hub Res Arm Res Acc Distress Signals 26 | . 3 6 3 . . . . . . . 1 . . . 2 . 2 1 . 2 1 2 3 . Communications Jammed 27 | . . . . . . . . . . . . . . . . . . . . . . . 27 . Distress Signals 27 | . . . . . . . . . . . . . . . . . . . . . . . 27 . Times Spotted 409 | . 27 36 28 4 5 11 2 . 12 6 17 20 7 . 14 6 36 5 11 23 7 54 62 16 Peak Tracking Total 15 | . 4 9 6 1 5 4 2 . 6 5 6 15 9 . 15 3 5 5 2 5 3 9 6 5 Tactical Retreats 33 | . . 9 1 . . 1 . . . . 2 7 . . 4 1 2 . . 1 . 1 1 3 Traps | -11 -10 -9 -9 -9 -7 -7 -7 -7 -6 -6 -5 -5 -5 -5 -4 -4 -4 -4 -4 -4 -3 -3 -2 -1 ------- Run | Yrd Mat Mat Sto Rec Fac Low Low Dat Pro Fac Fac Upp Upp War Pro Fac Ext Cet Arc Hub Res Arm Res Acc Traps Triggered 10 | . 1 . 1 . . . . . . 1 . . . 3 . . 2 . . . . . 1 1 Indirectly . | . . . . . . . . . . . . . . . . . . . . . . . . . Trap Hack Attempts . | . . . . . . . . . . . . . . . . . . . . . . . . . Triggered . | . . . . . . . . . . . . . . . . . . . . . . . . . Disarmed . | . . . . . . . . . . . . . . . . . . . . . . . . . Reprogrammed . | . . . . . . . . . . . . . . . . . . . . . . . . . Reused 8 | . . . . . . . . . 2 . 5 1 . . . . . . . . . . . . Traps Extracted . | . . . . . . . . . . . . . . . . . . . . . . . . . Installed 8 | . . . . . . . . . 2 . 5 1 . . . . . . . . . . . . Triggered 8 | . . . . . . . . . 2 . 5 1 . . . . . . . . . . . . Most Traps Carried 8 | . . . . . . . 8 8 8 6 6 . . . . . . . . . . . . . Machines | -11 -10 -9 -9 -9 -7 -7 -7 -7 -6 -6 -5 -5 -5 -5 -4 -4 -4 -4 -4 -4 -3 -3 -2 -1 ---------- Run | Yrd Mat Mat Sto Rec Fac Low Low Dat Pro Fac Fac Upp Upp War Pro Fac Ext Cet Arc Hub Res Arm Res Acc Machines Disabled 60 | . 2 1 2 . 2 . . . 1 . . . . . . 2 4 1 4 18 1 13 7 2 Max in Single Turn 9 | . 1 1 1 . 2 . . . 1 . . . . . . 1 1 . 1 9 1 2 1 1 Garrison Access 4 | . . . . . . . . . . . . . . . . 1 . . . . . . 1 2 Network Hub 2 | . . . . . . . . . . . . . . . . . . . . 2 . . . . Machines Repaired . | . . . . . . . . . . . . . . . . . . . . . . . . . Machines Dismantled . | . . . . . . . . . . . . . . . . . . . . . . . . . Machines Sabotaged . | . . . . . . . . . . . . . . . . . . . . . . . . . Overloaded Fab Kills . | . . . . . . . . . . . . . . . . . . . . . . . . . Hacking | -11 -10 -9 -9 -9 -7 -7 -7 -7 -6 -6 -5 -5 -5 -5 -4 -4 -4 -4 -4 -4 -3 -3 -2 -1 --------- Run | Yrd Mat Mat Sto Rec Fac Low Low Dat Pro Fac Fac Upp Upp War Pro Fac Ext Cet Arc Hub Res Arm Res Acc Machines Accessed 72 | . 9 8 8 6 2 . . 4 1 4 4 . . . . . 6 1 . 2 1 3 8 5 Terminals 48 | . 7 7 6 5 1 . . . 1 3 2 . . . . . 6 1 . 1 . 1 4 3 Fabricators 3 | . . . . . . . . . . 1 2 . . . . . . . . . . . . . Repair Stations 8 | . 1 1 1 . . . . . . . . . . . . . . . . . . 2 3 . Recycling Units 2 | . 1 . . . 1 . . . . . . . . . . . . . . . . . . . Scanalyzers . | . . . . . . . . . . . . . . . . . . . . . . . . . Garrison Access 6 | . . . 1 . . . . . . . . . . . . . . . . 1 1 . 1 2 Total Hacks 259 | . 29 31 19 27 4 . . 34 3 12 10 . . . . . 16 3 . 5 6 5 44 11 Successful 138 | . 17 18 13 15 1 . . 34 3 6 5 . . . . . 4 1 . . . 2 13 6 Failed 121 | . 12 13 6 12 3 . . . . 6 5 . . . . . 12 2 . 5 6 3 31 5 Catastrophic 23 | . . 2 2 1 1 . . . . 1 2 . . . . . 3 1 . 1 1 1 5 2 Database Lockouts . | . . . . . . . . . . . . . . . . . . . . . . . . . Manual 136 | . 21 29 19 19 1 . . . . 6 5 . . . . . 3 2 . 2 . 3 21 5 Terminals 171 | . 27 29 15 25 1 . . . 3 10 3 . . . . . 16 3 . 2 . 2 26 9 Fabricators 9 | . . . . . . . . . . 2 7 . . . . . . . . . . . . . Repair Stations 20 | . 1 2 1 . . . . . . . . . . . . . . . . . . 3 13 . Recycling Units 4 | . 1 . . . 3 . . . . . . . . . . . . . . . . . . . Scanalyzers . | . . . . . . . . . . . . . . . . . . . . . . . . . Garrison Access 19 | . . . 3 . . . . . . . . . . . . . . . . 3 6 . 5 2 Terminal Hacks 77 | . 5 6 4 9 . . . 34 3 3 . . . . . . 4 1 . . . . 5 3 Record 14 | . . . . . . . . 11 3 . . . . . . . . . . . . . . . Part Schematic 15 | . . . . 1 . . . 13 . 1 . . . . . . . . . . . . . . Robot Schematic 7 | . . . . . . . . 7 . . . . . . . . . . . . . . . . Robot Analysis 4 | . 1 2 . 1 . . . . . . . . . . . . . . . . . . . . Prototype ID Bank 6 | . . . . 3 . . . 3 . . . . . . . . . . . . . . . . Open Door 2 | . . . . . . . . . . . . . . . . . . 1 . . . . . 1 Level Access Points 2 | . . . . . . . . . . . . . . . . . . . . . . . 1 1 Branch Access Points 1 | . . 1 . . . . . . . . . . . . . . . . . . . . . . Emergency Access Points 2 | . 1 . . . . . . . . . . . . . . . . . . . . . 1 . Machine Index 1 | . . . . . . . . . . . . . . . . . . . . . . . . 1 Terminal Index 3 | . 1 1 1 . . . . . . . . . . . . . . . . . . . . . Alert Level 11 | . 1 1 3 1 . . . . . 1 . . . . . . 2 . . . . . 2 . Unreport Threat 1 | . . . . . . . . . . . . . . . . . 1 . . . . . . . Locate Traps 4 | . 1 1 . . . . . . . . . . . . . . 1 . . . . . 1 . Dispatch Records 1 | . . . . . . . . . . 1 . . . . . . . . . . . . . . Zone Layout 1 | . . . . 1 . . . . . . . . . . . . . . . . . . . . Release Object 2 | . . . . 2 . . . . . . . . . . . . . . . . . . . . Fabricator Hacks 6 | . . . . . . . . . . 2 4 . . . . . . . . . . . . . Network Status 1 | . . . . . . . . . . . 1 . . . . . . . . . . . . . Load Schematic 2 | . . . . . . . . . . 1 1 . . . . . . . . . . . . . Build 3 | . . . . . . . . . . 1 2 . . . . . . . . . . . . . Repair Station Hacks 3 | . . 1 . . . . . . . . . . . . . . . . . . . . 2 . Scan Component 1 | . . . . . . . . . . . . . . . . . . . . . . . 1 . Repair 1 | . . . . . . . . . . . . . . . . . . . . . . . 1 . Refit 1 | . . 1 . . . . . . . . . . . . . . . . . . . . . . Recycling Unit Hacks 1 | . . . . . 1 . . . . . . . . . . . . . . . . . . . Report Inventory 1 | . . . . . 1 . . . . . . . . . . . . . . . . . . . Scanalyzer . | . . . . . . . . . . . . . . . . . . . . . . . . . Garrison Access Hacks 1 | . . . . . . . . . . . . . . . . . . . . . . . . 1 Seal Access 1 | . . . . . . . . . . . . . . . . . . . . . . . . 1 Unauthorized Hacks 50 | . 12 11 9 6 . . . . . 1 1 . . . . . . . . . . 2 6 2 Terminals 37 | . 10 11 5 6 . . . . . 1 . . . . . . . . . . . . 3 1 Botnet 16 | . 4 4 2 3 . . . . . 1 . . . . . . . . . . . . 2 . Disrupt 2 | . . 1 . . . . . . . . . . . . . . . . . . . . 1 . Skim 18 | . 6 6 3 3 . . . . . . . . . . . . . . . . . . . . Sabotage 1 | . . . . . . . . . . . . . . . . . . . . . . . . 1 Fabricators 1 | . . . . . . . . . . . 1 . . . . . . . . . . . . . Prioritize 1 | . . . . . . . . . . . 1 . . . . . . . . . . . . . Repair Stations 6 | . 1 . 1 . . . . . . . . . . . . . . . . . . 2 2 . Patch 6 | . 1 . 1 . . . . . . . . . . . . . . . . . . 2 2 . Recycling Units 1 | . 1 . . . . . . . . . . . . . . . . . . . . . . . Tunnel 1 | . 1 . . . . . . . . . . . . . . . . . . . . . . . Scanalyzers . | . . . . . . . . . . . . . . . . . . . . . . . . . Garrison Access 5 | . . . 3 . . . . . . . . . . . . . . . . . . . 1 1 Broadcast 1 | . . . 1 . . . . . . . . . . . . . . . . . . . . . Reprogram 1 | . . . 1 . . . . . . . . . . . . . . . . . . . . . Intercept 1 | . . . 1 . . . . . . . . . . . . . . . . . . . . . Jam 2 | . . . . . . . . . . . . . . . . . . . . . . . 1 1 Data Cores Recovered 4 | . 1 1 1 . . . . . . . . . . . . . . . . . 1 . . . Used 2 | . 1 . 1 . . . . . . . . . . . . . . . . . . . . . Hacking Detections 56 | . 7 7 7 5 2 . . . 1 4 4 . . . . . 6 2 . 2 1 1 6 1 Full Trace Events 11 | . . . . . . . . . 1 1 3 . . . . . 3 . . 2 . . . 1 Feedback Events . | . . . . . . . . . . . . . . . . . . . . . . . . . Feedback Blocked . | . . . . . . . . . . . . . . . . . . . . . . . . . Robot Schematics Acquired 7 | . . . . . . . . 7 . . . . . . . . . . . . . . . . Robots Built . | . . . . . . . . . . . . . . . . . . . . . . . . . Authchips . | . . . . . . . . . . . . . . . . . . . . . . . . . Time 152 | . . . . . . . . . . . 152 . . . . . . . . . . . . . Total Robot Build Rating . | . . . . . . . . . . . . . . . . . . . . . . . . . Part Schematics Acquired 15 | . . . . 1 . . . 13 . 1 . . . . . . . . . . . . . . Parts Built 1 | . . . . . . . . . . . 1 . . . . . . . . . . . . . Authchips . | . . . . . . . . . . . . . . . . . . . . . . . . . Time 152 | . . . . . . . . . . 76 76 . . . . . . . . . . . . . Total Part Build Rating 5 | . . . . . . . . . . . 5 . . . . . . . . . . . . . Parts Repaired 1 | . . . . . . . . . . . . . . . . . . . . . . . 1 . Time 39 | . . . . . . . . . . . . . . . . . . . . . . . 39 . Parts Recycled . | . . . . . . . . . . . . . . . . . . . . . . . . . Recycled Matter . | . . . . . . . . . . . . . . . . . . . . . . . . . Retrieved Matter . | . . . . . . . . . . . . . . . . . . . . . . . . . Retrieved Components . | . . . . . . . . . . . . . . . . . . . . . . . . . Parts Scanalyzed . | . . . . . . . . . . . . . . . . . . . . . . . . . Part Schematics Acquired . | . . . . . . . . . . . . . . . . . . . . . . . . . Parts Damaged . | . . . . . . . . . . . . . . . . . . . . . . . . . Bothacking | -11 -10 -9 -9 -9 -7 -7 -7 -7 -6 -6 -5 -5 -5 -5 -4 -4 -4 -4 -4 -4 -3 -3 -2 -1 ------------ Run | Yrd Mat Mat Sto Rec Fac Low Low Dat Pro Fac Fac Upp Upp War Pro Fac Ext Cet Arc Hub Res Arm Res Acc Used RIF Installer . | . . . . . . . . . . . . . . . . . . . . . . . . . Robots Hacked . | . . . . . . . . . . . . . . . . . . . . . . . . . Non-combat . | . . . . . . . . . . . . . . . . . . . . . . . . . Combat . | . . . . . . . . . . . . . . . . . . . . . . . . . Robot Hacks Applied . | . . . . . . . . . . . . . . . . . . . . . . . . . Relay Couplers Released 6 | . . . . . . . . . . . . . . . . 3 . . . . 3 . . . Machine Destruction 3 | . . . . . . . . . . . . . . . . 3 . . . . . . . . Programmers 3 | . . . . . . . . . . . . . . . . . . . . . 3 . . . Fabnet Peak Effective % . | . . . . . . . . . . . . . . . . . . . . . . . . . Robots Rewired 14 | . . . . . . . . . . . . . . . . . 14 . . . . . . . Allies Hacked . | . . . . . . . . . . . . . . . . . . . . . . . . . Hacks Repelled . | . . . . . . . . . . . . . . . . . . . . . . . . . Allies | -11 -10 -9 -9 -9 -7 -7 -7 -7 -6 -6 -5 -5 -5 -5 -4 -4 -4 -4 -4 -4 -3 -3 -2 -1 -------- Run | Yrd Mat Mat Sto Rec Fac Low Low Dat Pro Fac Fac Upp Upp War Pro Fac Ext Cet Arc Hub Res Arm Res Acc Total Allies 38 | . . . 13 . . . . . . . . . . . . . 25 . . . . . . . Largest Group 15 | . . . 10 9 1 . . . . . . . . . . . 15 15 15 11 . . . . Highest-Rated Group 785 | . . . 89 80 8 . . . . . . . . . . . 785 785 783 522 . . . . Highest-Rated Ally 159 | . . . 31 16 8 . . . . . . . . . . . 159 159 159 51 . . . . Total Orders 1 | . . . . . . . . . . . . 1 . . . . . . . . . . . . EXPLORE 1 | . . . . . . . . . . . . 1 . . . . . . . . . . . . Ally Attacks 389 | . . . 39 55 4 . . . . . . . . . . . 158 25 26 82 . . . . Total Damage 8191 | . . . 572 551 23 . . . . . . . . . . . 4089 632 518 1806 . . . . Kills 61 | . . . 9 6 1 . . . . . . . . . . . 21 4 3 17 . . . . Allies Corrupted . | . . . . . . . . . . . . . . . . . . . . . . . . . Allies Melted . | . . . . . . . . . . . . . . . . . . . . . . . . . Intel | -11 -10 -9 -9 -9 -7 -7 -7 -7 -6 -6 -5 -5 -5 -5 -4 -4 -4 -4 -4 -4 -3 -3 -2 -1 ------- Run | Yrd Mat Mat Sto Rec Fac Low Low Dat Pro Fac Fac Upp Upp War Pro Fac Ext Cet Arc Hub Res Arm Res Acc Active Infowar (turns) 7964 | . . . . . . . . . . . 313 223 456 96 182 669 1441 270 481 536 620 1108 1387 182 Optics 7964 | . . . . . . . . . . . 313 223 456 96 182 669 1441 270 481 536 620 1108 1387 182 Sensors 234 | . . . . . . . . . . . . . . . . 35 199 . . . . . . . Seismic 137 | . . . . . . . . . . . . . . . . . . . . . . . 137 . Decoding 935 | . . . . . . . . . . . . . . . 51 669 215 . . . . . . . Jamming 251 | . . . . . . . . . . . . 24 . . . . . . . . . . 227 . Robot Analysis Total 4 | . 1 2 . 1 . . . . . . . . . . . . . . . . . . . . Derelict Logs Recovered 8 | . . . . . . 1 . . 3 . . 1 . . 3 . . . . . . . . . Drone Launches 2 | . . . . . . . . . . . . 2 . . . . . . . . . . . . Drone Recoveries . | . . . . . . . . . . . . . . . . . . . . . . . . . Decoded 0b10 Intel 13 | . . . . . . . . . . . . . . . . 8 5 . . . . . . . Traps 7 | . . . . . . . . . . . . . . . . 4 3 . . . . . . . Emergency Access 4 | . . . . . . . . . . . . . . . . 2 2 . . . . . . . Garrisons 1 | . . . . . . . . . . . . . . . . 1 . . . . . . . . Exits 1 | . . . . . . . . . . . . . . . . 1 . . . . . . . . Exploration | -11 -10 -9 -9 -9 -7 -7 -7 -7 -6 -6 -5 -5 -5 -5 -4 -4 -4 -4 -4 -4 -3 -3 -2 -1 ------------- Run | Yrd Mat Mat Sto Rec Fac Low Low Dat Pro Fac Fac Upp Upp War Pro Fac Ext Cet Arc Hub Res Arm Res Acc Turns Passed 14963 | . 794 757 632 793 385 1326 585 165 1315 186 329 223 456 96 182 669 1453 270 481 536 620 1122 1406 182 Spaces Moved 8858 | 1 339 782 278 466 193 505 266 82 586 195 384 410 413 84 246 453 710 135 121 252 338 449 902 268 Core 471 | . . . . 18 . . . . 58 . . . . . 199 177 18 . . . . 1 . . Treads 2386 | . . 83 278 220 . . . . 256 . . . . . . 49 97 102 121 252 338 422 168 . Legs 2620 | 1 339 6 . 228 193 505 266 82 160 . . . . . . . 509 33 . . . 17 281 . Wheels 401 | . . 38 . . . . . . 100 . . . . . . 226 37 . . . . . . . Hover 780 | . . . . . . . . . . . . . . . . 1 49 . . . . 9 453 268 Flight 2200 | . . 655 . . . . . . 12 195 384 410 413 84 47 . . . . . . . . . Fastest Speed 32 | 120 120 34 160 115 115 192 200 200 50 47 47 39 33 114 32 50 50 120 160 155 155 155 44 44 Average Speed 124 | 120 120 51 160 140 178 242 203 200 203 75 47 46 95 114 59 108 127 150 160 158 155 175 96 47 Slowest Speed 1650 | 120 120 190 160 200 192 269 269 200 400 85 47 47 111 114 555 320 246 160 160 160 155 1650 260 137 Overloaded Moves 46 | . . . . . . . . . . . . 19 14 . 13 . . . . . . . . . Propulsion Burnouts . | . . . . . . . . . . . . . . . . . . . . . . . . . Robots Hopped 21 | . . 17 . . . . . . . . 3 1 . . . . . . . . . . . . Potential Cave-ins 20 | . . . . . . . . . . . . . . . . 15 . . . . . 5 . . Cave-ins Triggered 1 | . . . . . . . . . . . . . . . . . . . . . . 1 . . Exploration Rate (%) 45 | 2 80 67 63 53 8 67 50 69 74 7 9 75 54 16 65 11 85 68 92 48 10 30 32 9 Regions Visited 24 Branch Regions 15 Pre-discovered Areas 7 | . 3 2 . . . . . 1 1 . . . . . . . . . . . . . . . Known Exits Taken 7 | . 1 1 . . . . . . 1 . . . . . . 1 . . . . 1 1 1 . Unknown Exits Taken 17 | 1 . . 1 1 1 1 1 1 . 1 1 1 1 1 1 . 1 1 1 1 . . . . Scrap Searched 20 | . . . . . . 4 1 . 4 . . 3 4 . 4 . . . . . . . . . Spaces Dug 53 | . . . . . . 10 . . 3 . . . 3 . . 17 . . . . . . 20 . Terrain Destroyed 1663 | . 35 . 17 . 26 56 7 . 24 . . . 10 . . 38 42 6 37 337 21 230 527 250 Melee 17 | . . . . . . . . . 3 . . . 1 . . 13 . . . . . . . . Projectile 343 | . . . . . . . 1 . 2 . . . 9 . . 25 42 6 37 44 21 114 39 3 AOE 1303 | . 35 . 17 . 26 56 6 . 19 . . . . . . . . . . 293 . 116 488 247 Terrain Rammed . | . . . . . . . . . . . . . . . . . . . . . . . . . Walls Destroyed . | . . . . . . . . . . . . . . . . . . . . . . . . . Machines Disabled . | . . . . . . . . . . . . . . . . . . . . . . . . . Actions | -11 -10 -9 -9 -9 -7 -7 -7 -7 -6 -6 -5 -5 -5 -5 -4 -4 -4 -4 -4 -4 -3 -3 -2 -1 --------- Run | Yrd Mat Mat Sto Rec Fac Low Low Dat Pro Fac Fac Upp Upp War Pro Fac Ext Cet Arc Hub Res Arm Res Acc Total 11546 | . 631 1042 382 591 220 560 294 85 681 211 488 438 458 84 266 554 1122 189 369 310 391 634 1250 296 Wait 1028 | . 227 162 34 91 3 7 3 . 18 2 68 13 8 . 3 7 32 27 212 15 5 14 76 1 Move 8791 | . 338 747 277 465 192 504 265 81 585 194 377 407 412 83 245 452 709 134 120 251 337 448 901 267 Hop 21 | . . 17 . . . . . . . . 3 1 . . . . . . . . . . . . Pick Up 124 | . 3 14 3 4 1 2 9 2 14 . 3 3 5 . 1 4 17 . 2 1 14 6 16 . Fast Attach 171 | . . 14 3 2 2 3 1 . 7 4 2 2 3 . 2 16 32 2 8 . 1 19 46 2 Attach 117 | . 4 8 2 3 3 4 . . 1 . 1 1 3 . 2 9 13 . . 1 4 12 41 5 Detach 111 | . 1 5 2 2 4 5 . . 3 . . 3 4 1 . 13 17 . 3 . 2 15 29 2 Swap 118 | . 7 15 14 . . 1 . . 2 . . . 3 . . . 29 10 4 10 5 14 4 . Drop 194 | . . 14 7 10 1 3 . 2 23 1 7 3 3 . 5 10 45 10 5 2 6 14 23 . Fire 637 | . 48 45 37 12 14 25 15 . 13 10 22 4 16 . 6 26 74 6 15 30 17 76 107 19 Melee 44 | . . . . . . 6 1 . 12 . . . 1 . 2 17 5 . . . . . . . Ram 6 | . . 1 . . . . . . . . . . . . . . 4 . . . . . 1 . Kick 8 | . 3 . . 2 . . . . . . . . . . . . 1 . . . . . 2 . Crush 22 | . . . 3 . . . . . . . . . . . . . . . . . . 15 4 . Escape Stasis 10 | . . . . . . . . . . . . . . . . . 9 . . . . 1 . . Rewire 135 | . . . . . . . . . . . . . . . . . 135 . . . . . . . Trap 8 | . . . . . . . . . 2 . 5 1 . . . . . . . . . . . . Miscellaneous 1 | . . . . . . . . . 1 . . . . . . . . . . . . . . . Route ------- -11/Scrapyard -10/Materials (discovered 6 exits: *Mat x3 / *Min x2 / *Sub) -9/Materials (discovered 5 exits: *Mat x3 / *Min / *Sto) -9/Storage (discovered 2 exits: Mat / *Rec) -9/Recycling -7/Factory (discovered 2 exits: *Fac / [*Low]) -7/Lower Caves -7/Lower Caves (discovered 2 exits: *Fac / *Dat) -7/Data Miner -6/Proximity Caves -6/Factory -5/Factory -5/Upper Caves -5/Upper Caves -5/Warlord -4/Proximity Caves -4/Factory -4/Extension (discovered 2 exits: *Res / *Cet) -4/Cetus -4/Archives (discovered 3 exits: *Res / *Hub x2) -4/Hub_04(d) (discovered 2 exits: *Res x2) -3/Research (discovered 4 exits: Res x2 / *Arm / Qua) -3/Armory -2/Research (discovered 3 exits: *Acc x3) -1/Access To Epsilon Eridani History --------- Turn | Location | Event 1 | -11/Scrapyard | Discovered new exit (range 0) 1 | -11/Scrapyard | Entered Materials 238 | -10/Materials | Discovered new exit (range 6) 256 | -10/Materials | Discovered new exit (range 16) 308 | -10/Materials | Build established: Mutant 360 | -10/Materials | Discovered new exit (range 8) 390 | -10/Materials | Discovered new exit (range 12) 468 | -10/Materials | Identified exit to Materials 468 | -10/Materials | Identified exit to Mines 526 | -10/Materials | Learned Storage emergency access door positions 616 | -10/Materials | Identified exit to Subcaves 647 | -10/Materials | Learned location of 2 exits from Materials 668 | -10/Materials | Learned 4 Recycling zone layouts 680 | -10/Materials | Learned location of 2 exits from Subcaves 735 | -10/Materials | Learned 4 Subcaves zone layouts 776 | -10/Materials | Learned location of Recycling (-9) 795 | -10/Materials | Entered another Materials area 795 | -9/Materials | Evolved 2 slots: Propulsion x1, Weapon x1 796 | -9/Materials | Identified exit to Materials 797 | -9/Materials | Discovered new exit (range 14) 916 | -9/Materials | Lost 5 parts (1n1u3w) 981 | -9/Materials | Lost 3 parts (1p2n) 1040 | -9/Materials | Discovered exit to Materials (range 11) 1246 | -9/Materials | Identified exit to Mines 1246 | -9/Materials | Identified exit to Storage 1255 | -9/Materials | Learned location of 1 exit from Storage 1299 | -9/Materials | Core integrity fell below 50% 1412 | -9/Materials | Learned 4 Recycling zone layouts 1446 | -9/Materials | Loaded intel: 20 trap records 1552 | -9/Materials | Entered Storage 1604 | -9/Storage | Met a pair of Derelict thieves 1652 | -9/Storage | Garrison activated, responded to threat 1968 | -9/Storage | Build established: Scavenger-Tank 2045 | -9/Storage | Assisted by bots powering up and referring to "LRC-V3" 2158 | -9/Storage | Used back door to open Recycling access 2158 | -9/Storage | Discovered new exit (range 5) 2184 | -9/Storage | Entered Recycling 2184 | -9/Recycling | Accompanied by 9 allies 2185 | -9/Recycling | Identified exit to Scraptown 2317 | -9/Recycling | Scanned before Scraplab entrance 2339 | -9/Recycling | Entered Scraplab 2348 | -9/Recycling | Build established: Commander-Tank 2381 | -9/Recycling | Angered Scraplab inhabitants 2385 | -9/Recycling | Found Prototype Device 2438 | -9/Recycling | Identified Scrap Engine 2445 | -9/Recycling | Lost 7 allies 2947 | -9/Recycling | Discovered new exit (range 15) 2977 | -9/Recycling | Entered Factory 2977 | -7/Factory | Accompanied by 1 ally 2977 | -7/Factory | Evolved 4 slots: Utility x3, Weapon x1 3004 | -7/Factory | Discovered new exit (range 7) 3335 | -7/Factory | Discovered new exit (range 10) 3362 | -7/Factory | Entered Lower Caves 3434 | -7/Lower Caves | Build established: Construct 3704 | -7/Lower Caves | Attracted the attention of an 0b10 checkpoint 3775 | -7/Lower Caves | Lost 3 parts (2n1u) 4122 | -7/Lower Caves | Learned Factory garrison access intel 4295 | -7/Lower Caves | Encountered a Warlord checkpoint 4364 | -7/Lower Caves | Found DRS Beacon 4507 | -7/Lower Caves | Discovered new exit (range 9) 4688 | -7/Lower Caves | Entered another Lower Caves area 4770 | -7/Lower Caves | Discovered new exit (range 8) 5207 | -7/Lower Caves | Discovered new exit (range 12) 5273 | -7/Lower Caves | Entered Data Miner 5273 | -7/Data Miner | Discovered new exit (range 6) 5311 | -7/Data Miner | Met Data Miner 5353 | -7/Data Miner | Learned location of Section 7 (-2) 5353 | -7/Data Miner | Acquired the access code to Warlord's prototype stash 5381 | -7/Data Miner | Received God Mode back door access code from Data Miner 5438 | -7/Data Miner | Entered Proximity Caves 5811 | -6/Proximity Caves | Attracted the attention of an 0b10 checkpoint 6005 | -6/Proximity Caves | Spotted B-75 Beast 6024 | -6/Proximity Caves | Activated DRS Beacon 6055 | -6/Proximity Caves | Core integrity fell below 50% 6303 | -6/Proximity Caves | Attracted the attention of an 0b10 base 6322 | -6/Proximity Caves | Build established: Mutant 6388 | -6/Proximity Caves | Learned Armory terminal intel 6388 | -6/Proximity Caves | Learned location of 1 exit from Research 6498 | -6/Proximity Caves | Learned 4 Factory zone layouts 6571 | -6/Proximity Caves | Identified exit to Factory 6719 | -6/Proximity Caves | Learned Factory garrison access intel 6753 | -6/Proximity Caves | Entered Factory 6753 | -6/Factory | Evolved 2 slots: Propulsion x1, Utility x1 6755 | -6/Factory | Loaded intel: 4 garrison access locations 6904 | -6/Factory | Garrison activated, responded to threat 6909 | -6/Factory | Incoming investigation squad redirected 6923 | -6/Factory | Discovered new exit (range 8) 6939 | -6/Factory | Entered another Factory area 6939 | -5/Factory | Evolved 2 slots: Utility x2 6940 | -5/Factory | Loaded intel: 4 garrison access locations 7012 | -5/Factory | Incoming investigation squad redirected 7069 | -5/Factory | Fabricated Exp. Propulsion Shielding (x1) 7210 | -5/Factory | Discovered new exit (range 11) 7236 | -5/Factory | Incoming investigation squad redirected 7268 | -5/Factory | Entered Upper Caves 7348 | -5/Upper Caves | Attracted the attention of an 0b10 checkpoint 7359 | -5/Upper Caves | Learned Factory stockpile data 7364 | -5/Upper Caves | Found DCF Scrap (14 items) 7419 | -5/Upper Caves | Encountered a Warlord checkpoint 7488 | -5/Upper Caves | Discovered new exit (range 7) 7491 | -5/Upper Caves | Entered another Upper Caves area 7930 | -5/Upper Caves | Discovered new exit (range 17) 7938 | -5/Upper Caves | Attracted the attention of an 0b10 outpost 7947 | -5/Upper Caves | Entered Warlord 7990 | -5/Warlord | Attacked by Warlord forces 8023 | -5/Warlord | Build established: Derelict-Gunner 8031 | -5/Warlord | Discovered new exit (range 12) 8043 | -5/Warlord | Entered Proximity Caves 8057 | -4/Proximity Caves | Learned location of 1 exit from Research 8081 | -4/Proximity Caves | Attracted the attention of an 0b10 outpost 8113 | -4/Proximity Caves | Core integrity fell below 50% 8142 | -4/Proximity Caves | Attracted the attention of an 0b10 checkpoint 8149 | -4/Proximity Caves | Lost 9 parts (2n3u4w) 8151 | -4/Proximity Caves | Core integrity fell below 20% 8156 | -4/Proximity Caves | Learned Research trap positions 8218 | -4/Proximity Caves | Discovered new exit (range 14) 8225 | -4/Proximity Caves | Entered Factory 8225 | -4/Factory | Evolved 2 slots: Power x1, Propulsion x1 8535 | -4/Factory | Incoming assault squad redirected 8702 | -4/Factory | Identified exit to Extension 8894 | -4/Factory | Entered Extension 8906 | -4/Extension | Disrupted transfer network 9156 | -4/Extension | Lost 14 parts (2p3n5u4w) 9395 | -4/Extension | Incoming investigation squad redirected 9492 | -4/Extension | Rescued a captive Derelict 9597 | -4/Extension | Rescued a captive Derelict 9629 | -4/Extension | Spotted B-86 Titan 9638 | -4/Extension | Rescued a captive Derelict 9642 | -4/Extension | Rescued a captive Derelict 9661 | -4/Extension | Spotted B-86 Titan 9664 | -4/Extension | Allies destroyed B-86 Titan 9690 | -4/Extension | Allies destroyed B-86 Titan 9709 | -4/Extension | Lost 3 allies 9797 | -4/Extension | Lost 3 allies 9875 | -4/Extension | Build established: Scavenger-Tank 9908 | -4/Extension | Rescued a captive Derelict 9908 | -4/Extension | Rescued a captive Derelict 9920 | -4/Extension | Rescued a captive Derelict 10007 | -4/Extension | Incoming investigation squad redirected 10012 | -4/Extension | Rescued A7 10061 | -4/Extension | Rescued a captive Derelict 10071 | -4/Extension | Rescued a captive Derelict 10072 | -4/Extension | Rescued a captive Derelict 10128 | -4/Extension | System corruption reached 10% 10296 | -4/Extension | Discovered new exit (range 10) 10297 | -4/Extension | Discovered new exit (range 6) 10347 | -4/Extension | Entered Cetus 10347 | -4/Cetus | Accompanied by 15 allies (A7) 10352 | -4/Cetus | Acquired a Cetus Manufacturing Module code from A7 10360 | -4/Cetus | Spotted Cetus Guard 10360 | -4/Cetus | Spotted Cetus Guard 10361 | -4/Cetus | Destroyed Cetus Guard 10363 | -4/Cetus | Spotted Cetus Guard 10365 | -4/Cetus | Spotted Cetus Guard 10369 | -4/Cetus | Allies destroyed Cetus Guard 10371 | -4/Cetus | Allies destroyed Cetus Guard 10384 | -4/Cetus | Allies destroyed Cetus Guard 10402 | -4/Cetus | Cetus Manufacturing Module disabled 10528 | -4/Cetus | Failed to start Cetus Manufacturing Module 10538 | -4/Cetus | Escorted A7 to Cetus Mainframe 10550 | -4/Cetus | Discovered new exit (range 21) 10617 | -4/Cetus | Entered Archives 10617 | -4/Archives | Accompanied by 15 allies (A7) 10622 | -4/Archives | Received a hacking code to weaken MAIN.C 10669 | -4/Archives | Unable to access archive contents 10683 | -4/Archives | Discovered new exit (range 19) 10689 | -4/Archives | Lost 3 allies 10695 | -4/Archives | Discovered new exit (range 21) 10746 | -4/Archives | Discovered new exit (range 21) 11098 | -4/Archives | Entered Hub_04(d) 11098 | -4/Hub_04(d) | Accompanied by 11 allies 11197 | -4/Hub_04(d) | Discovered new exit (range 14) 11244 | -4/Hub_04(d) | Garrison activated, responded to threat 11298 | -4/Hub_04(d) | Lost 5 allies 11351 | -4/Hub_04(d) | Incoming investigation squad redirected 11377 | -4/Hub_04(d) | Lost 3 allies 11534 | -4/Hub_04(d) | Discovered new exit (range 3) 11613 | -4/Hub_04(d) | Network Hub disabled 11630 | -4/Hub_04(d) | Network Hub disabled 11634 | -4/Hub_04(d) | Entered Research 11634 | -3/Research | Evolved 2 slots: Utility x1, Weapon x1 11635 | -3/Research | Identified exit to Quarantine 11636 | -3/Research | Identified exit to Research 11637 | -3/Research | Loaded intel: 96 trap records 12166 | -3/Research | Discovered new exit (range 9) 12252 | -3/Research | Identified exit to Armory 12254 | -3/Research | Entered Armory 12255 | -3/Armory | Loaded intel: 17 terminal locations 12385 | -3/Armory | Found Prototype Launcher 12385 | -3/Armory | Identified Com. Tesla Bomb Launcher 12391 | -3/Armory | Found Prototype Launcher 12391 | -3/Armory | Identified Adv. Micro-nuke Launcher 12401 | -3/Armory | Found Adv. Micro-nuke Launcher 12409 | -3/Armory | Found Adv. Micro-nuke Launcher 13009 | -3/Armory | Destroyed 8 combat bots 13015 | -3/Armory | Lost 4 parts (2n2u) 13156 | -3/Armory | Lost 3 parts (1p2w) 13226 | -3/Armory | Discovered exit to Research (range 18) 13254 | -3/Armory | First assault squad dispatched 13301 | -3/Armory | Crushed by falling debris 13302 | -3/Armory | System corruption reached 10% 13376 | -3/Armory | Entered Research 13376 | -2/Research | Evolved 2 slots: Power x1, Propulsion x1 13403 | -2/Research | Lost 3 parts (1u2w) 13529 | -2/Research | Repaired Broken Lrn. Tractor Beam 13557 | -2/Research | Incoming investigation squad redirected 13583 | -2/Research | System corruption reached 10% 13621 | -2/Research | Incoming investigation squad redirected 13829 | -2/Research | Spotted B-90 Cyclops 13998 | -2/Research | Lost 4 parts (2p1n1w) 14042 | -2/Research | Incoming investigation squad redirected 14110 | -2/Research | Lost 5 parts (1p3u1w) 14126 | -2/Research | First assault squad dispatched 14143 | -2/Research | Incoming assault squad redirected 14386 | -2/Research | Destroyed 10 combat bots 14392 | -2/Research | Incoming assault squad redirected 14392 | -2/Research | Lost 6 parts (2p1u3w) 14643 | -2/Research | Core integrity fell below 50% 14656 | -2/Research | Incoming assault squad redirected 14660 | -2/Research | Build established: Gunner 14738 | -2/Research | Identified exit to Access 14750 | -2/Research | Spotted B-90 Cyclops 14782 | -2/Research | Entered Access 14782 | -1/Access | Evolved 2 slots: Utility x2 14812 | -1/Access | Identified exit to Surface 14865 | -1/Access | Destroyed 7 combat bots 14912 | -1/Access | Lost 4 parts (1n2u1w) 14938 | -1/Access | Incoming investigation squad redirected 14950 | -1/Access | Incoming investigation squad redirected 14964 | *** | Escaped! Last Messages --------------- 14944_ Penetrated by Slug. 14944_ Cmb. Linear Gravjet destroyed. 14944_ Penetrated by Slug. 14946_ The unstable cave ceiling collapses. 14947_ Penetrated by Slug. 14947_ Slug penetrates Wall. 14947_ Imp. Antigrav System destroyed. 14947_ U-05 Engineer builds a Wall. 14949_ The unstable cave ceiling collapses. 14950_ ALERT: Higher priority target reported, redirecting investigation. 14950_ Slug penetrates Wall. 14951_ Destroyed Wheel. 14951_ K-01 Serf destroyed. 14951_ TF Node disabled. 14951_ Adv. Sensor Array tumbles out of TF Node. 14951_ Adv. Signal Interpreter tumbles out of TF Node. 14953_ K-01 Serf destroyed. 14954_ Penetrated by Slug. 14956_ Slug penetrates Wall. 14956_ Mic. Antimatter Reactor destroyed. Map ----- +----------------------------------------------------+ | ?????????????????????????# ##########+######### | | ?????????????????????????## ##???????? ???????? | | ??????????????????????????# #????????? ???????? | | ??????????????????????????# #???????? ??????? | | ??????????????????????????# #???????? ??????? | | ??????????????????????????# #??????? ?????? | | ??????????????????????????# #??????? ?????? | | ?????????????????????????## ##?????#########????? | | ?????????????????????????# #######! ##????? | | ?????????????????????????# " ##???? | | ?????????????????????????# #???? | | ?????????????????????????# ##### ##??? | | ?????????????????????????######???? #??? | | ??????????????????????????????????? #???? | | ???????????????????????????????????# ##### | | ??????????????????????????????????## # | | ??????????????????????????????????# # | | ??????????????????????????????????# # | | ??????????????????????????????????# # | | ?????????????????????????????###??## # # | | ????????????????????########## ###### ! # = + | | ????????????????????" ## # | | ????????????????????" #? # | | ????????????????????" #??!! + | | ????????????????????" #???! ! # | | ????????????????????" "@ #???? # | | ????????????????????" "" #????? # | | ????????????????????" #?????? # | | ????????????????????" #?????? # | | ????????????????????" """ """ #??????? # | | ????????????????????" """T""" #????????# | | ??????????????????############ ####### #????????? | | ??????????????????# ????########## #????????? | | ?????????????????## ### # #????????? | | ?????????????????# #######+## | | ???????????????? # # | | ???????????????? " | | ?????????????????# # | | ?????????????????# # """"" | | ?????????????????# # # """"" | | ?????????????????# #= """"" | | ?????????????????### # """"" | | ???????????????????## # """"" | | ????????????????????## # """"" | | ?????????????????????#### # # | | ?????????????????????? # ### # | | ???????????????????? ##??# # | | ???????????????????##############????# ##""" """# | | ?????????????????????????????????????# ##"""G"""# | | ?????????????????????????????????????# ########## | +----------------------------------------------------+ Best States ------------- Heat Dissipation 119 Coolant Potential 130 Energy Generation 65 Energy Capacity 690 Matter Stores 400 Matter Capacity 400 Sight Range 22 Robot Scan Range 16 Terrain Scan Density 10 Jamming Range 14 Power Amplification 30 Armor Coverage 1500 Resistance: KI 20 Resistance: TH 25 Resistance: EM 25 Power Shielding 90 Propulsion Shielding 90 Weapon Shielding 66 Weapon Cycling 20 Phase Shifting 10 Evasion (%) 65 Targeting Accuracy 16 Melee Accuracy 6 Target Analysis 12 Armor Integrity Analysis 30 Recoil Reduction 5 Matter Filtering 30 Kinecelleration 40 Offensive Hacking 22 Defensive Hacking 12 Item Schematics ----------------- Particle Cannon | -9/Recycling | Hacked Combat Drone Bay | -7/Data Miner | Free Lgt. Regenerative Plating | -7/Data Miner | Free Mass Driver | -7/Data Miner | Free Cld. Aerolev Unit | -7/Data Miner | Free Exp. Propulsion Shielding | -7/Data Miner | Free Imp. Heavy Machine Gun | -7/Data Miner | Free Cmb. Gravmag System | -7/Data Miner | Free Imp. Coolant Injector | -7/Data Miner | Free Fission Core | -7/Data Miner | Free Neutrino Core | -7/Data Miner | Free Imp. Powered Armor | -7/Data Miner | Free Imp. Antigrav System | -7/Data Miner | Free Hvy. Siege Treads | -7/Data Miner | Free Lgt. Antimatter Reactor | -6/Factory | Hacked Robot Schematics ------------------ W-25 Informer | -7/Data Miner | Free Y-54 Guardian | -7/Data Miner | Free L-41 Fighter | -7/Data Miner | Free B-48 Gladiator | -7/Data Miner | Free S-27 Virus | -7/Data Miner | Free A-15 Conveyor | -7/Data Miner | Free H-66 Slayer | -7/Data Miner | Free Fabricated ------------ Exp. Propulsion Shielding | x1 | -5/Factory Repaired ---------- Lrn. Tractor Beam | 65% | -2/Research | Broken Alien Tech Used ----------------- None Achievements -------------- None Challenges ------------ None Game ------ Seed ScrapControlHammer Manual? 0 Play Time 01:52:32 Cumulative 1065.7 hours Start 2025.05.26 @ 13:19:09 End 2025.05.26 @ 16:20:39 Sessions 3 Manual Loads 0 Difficulty Rogue Special Mode None Game No. 1320 Rogue 1037 Adventurer 124 Explorer 159 Win Type 0 Total 48 Types 34/0/8/4/1/0/0/1/0/0 Lore% 91 Gallery% 86 Achievement% 80 Wizard Run 0 Options --------- Layout 0 ASCII 0 Keyboard 1 Movement Numpad Keybinds 0 Fullscreen 2 Font 18/X11 Map View 76x50 Zoom Use 0% Tactical HUD 1 Map Filters NONE Filters NONE Steam 1 RUN: 50376260-2d41-4d15-a94c-cf8f6063552b